 Dungeon Crawl Stone Soup version 0.29.0-4-gdea44cf6ec (webtiles) character file.

Game seed: 12777221631861125069

30 RascalDebosk the Trooper (level 3, -6/37 HPs)
             Began as an Ogre Gladiator on Aug 26, 2022.
             Mangled by a gnoll
             ... wielding a +0 spear
              (7 damage)
             ... on level 1 of the Dungeon.
             The game lasted 00:09:49 (1407 turns).

RascalDebosk the Trooper (Ogre Gladiator)           Turns: 1407, Time: 00:09:50

Health: -6/37      AC:  3    Str: 18    XL:     3   Next: 18%
Magic:  3/3        EV: 10    Int: 11    God:
Gold:   63         SH:  0    Dex: 10    Spells: 2/2 levels left

rFire   . . .      SeeInvis .   a - +0 trident
rCold   . . .      Faith    .   (no shield)
rNeg    . . .      Spirit   .   b - +0 robe
rPois   .          Reflect  .   c - +0 hat
rElec   .          Harm     +   q - scarf {harm}
rCorr   .          Rampage  .   (gloves unavailable)
Will    .....                   (boots unavailable)
Stlth   +.........              (no amulet)
HPRegen 0.12/turn               (no ring)
MPRegen 0.08/turn               (no ring)

@: no status effects
A: large, unfitting armour, tough skin 1
a: no special abilities


You were on level 1 of the Dungeon.
You visited 1 branch of the dungeon, and saw 2 of its levels.

You collected 63 gold pieces.

Inventory:

Hand Weapons
 a - a +0 trident (weapon)
Missiles
 d - 3 throwing nets (quivered)
 e - a large rock
Armour
 b - a +0 robe (worn)
 c - a +0 hat (worn)
 q - a scarf of harm (worn)
Scrolls
 g - 3 scrolls of identify {unknown}
 l - a scroll of vulnerability {unknown}
Potions
 f - a potion of degeneration {unknown}
 h - a potion of haste {unknown}
 i - a potion of heal wounds {unknown}
 j - 2 potions of might {unknown}
 k - a potion of attraction {unknown}
 m - a potion of resistance {unknown}
 n - a potion of invisibility {unknown}
 o - 2 potions of ambrosia {unknown}
 p - a potion of lignification {unknown}


   Skills:
 + Level 3.3 Fighting
 + Level 3.3 Polearms
 + Level 2.4 Throwing
 + Level 3.0 Dodging


You had 2 spell levels left.
You didn't know any spells.
Your spell library contained the following spells:

 Spells                   Type           Power      Damage    Failure   Level
 Summon Small Mammal      Summ           0%         N/A       34%         1
 Call Canine Familiar     Summ           0%         N/A       71%         3
 Summon Guardian Golem    Hex/Summ       0%         N/A       71%         3


Dungeon Overview and Level Annotations

Branches:
Dungeon (2/15)

Altars:


Innate Abilities, Weirdness & Mutations

You are too large for most types of armour.
You have tough skin. (AC +1)


Message History

You barely miss the bat.
The bat is severely wounded.
The bat closely misses you.
Reach: a) +0 trident
Press: ? - help, Dir - move target, f/p - bat
Aim: a bat (severely wounded, about 61% to evade your +0 trident)
You reach to attack!
You closely miss the bat.
The bat is severely wounded.
The bat barely misses you. The bat hits you but does no damage.
You puncture the bat!
You kill the bat!
You see here a ball python corpse.
Done exploring.
Press: ? - help, . - travel You can't see that place. [a stone staircase leading down.]
There is a stone staircase leading down here.
You climb downwards.
The gnoll shouts! x2; You hear a shout!
Found a rapier.
There is a stone staircase leading up here.
The gnoll hits you with a +0 flail! The gnoll hits you with a +0 spear.
You climb upwards.
There is a stone staircase leading down here.
You hit the gnoll but do no damage. The gnoll hits you with a +0 spear.
The gnoll hits you with a +0 flail!
You hit the gnoll.
The gnoll is moderately wounded.
The gnoll hits you with a +0 spear.
* * * LOW HITPOINT WARNING * * *
The gnoll hits you with a +0 flail.
* * * LOW HITPOINT WARNING * * *
You barely miss the gnoll.
The gnoll is moderately wounded.
The gnoll barely misses you. The gnoll hits you with a +0 flail.
* * * LOW HITPOINT WARNING * * *
You puncture the gnoll!
You kill the gnoll!
The gnoll hits you with a +0 spear.
You die...

.# ###.#####....##.##.##
.#####.#####....##....#
...........#........###
.........#.#.######.########
.......#.#.#.#.............#
.......#...#.#.#....######.#
.......###...........)...#.#
.......# #.#...#.)######.#.#
....>..#########@......#.#.#
.#.......#......g#####.#.#.#
.........#.####### #.#.#.#
###......#.# #.#.#.#
.........#.# #.#.#.#
##.......#.# #.#.#.#
#.#######.# #.#.#.#
#.........# #.#...#
############ #.#####


You could see a gnoll.

Vanquished Creatures
  A gnoll (D:1)
  A dart slug (D:1)
  A ball python (D:1)
  4 bats (D:1)
  4 endoplasms (D:1)
  2 giant cockroaches (D:1)
  A goblin (D:1)
  5 hobgoblins (D:1)
  2 quokkas (D:1)
  2 frilled lizards (D:1)
  2 rats (D:1)
25 creatures vanquished.

Vanquished Creatures (others)
  A plant (D:1)
1 creature vanquished.

Grand Total: 26 creatures vanquished

Notes
Turn   | Place    | Note
-------+----------+-------------------------------------------
     0 | D:1      | RascalDebosk the Ogre Gladiator began the quest for the
                  | Orb.
     0 | D:1      | Reached XP level 1. HP: 22/22 MP: 1/1
   132 | D:1      | Reached XP level 2. HP: 24/31 MP: 2/2
   496 | D:1      | Reached XP level 3. HP: 4/37 MP: 3/3
  1406 | D:1      | HP: 1/37 [gnoll/+0 flail (6)]
  1407 | D:1      | Mangled by a gnoll

Illustrated notes

Levels and vault maps discovered:
D:1:      tarquinn_simple_flora_water_a, layout_basic,
          nicolae_figureground_sparkle
D:2:      layout_loops_ring, corexii_item_surrounded_by_moat, uniq_robin

Skill      XL: |  1  2 |
---------------+-------+-----
Fighting       | 3 |  3.3
Dodging        | 3 |  3.0
Polearms       | |  3.3
Throwing       | |  2.4

Action                   || total
-------------------------++-------
Melee: Trident           ||   107
Armor: Robe              ||    37
Dodge: Dodged            ||    60
